 Dungeon Crawl Stone Soup version 0.18.1-8-gdd0e5ea (webtiles) character file.

11757 jacquesderrida the Spear-Bearer (level 11, -4/91 HPs)
             Began as a Demonspawn Skald on May 21, 2016.
             Was a Believer of Ashenzari.
             Killed from afar by an ice dragon (27 damage)
             ... with a blast of cold
             ... on level 6 of the Lair of Beasts.
             The game lasted 00:32:50 (6727 turns).

jacquesderrida the Spear-Bearer (Demonspawn Skald)  Turns: 6727, Time: 00:32:51

Health: -4/91      AC:  7    Str: 13    XL:     11   Next: 53%
Magic:  14/14      EV: 16    Int: 18    God:    Ashenzari [**....]
Gold:   464        SH:  0    Dex: 15    Spells: 3 memorised, 7 levels left

rFire  . . .     SeeInvis .     D - +4 glaive of Benevolence {freeze, Int+4} (curse)
rCold  + . .     Gourm    +     b - +0 leather armour
rNeg   . . .     Faith    .     (shield currently unavailable)
rPois  +         Spirit   .     f - +1 hat
rElec  .         Dismiss  .     r - +0 cloak
rCorr  .         Reflect  .     (no gloves)
SustAt .         Harm     .     (no boots)
MR     +....     Clarity  +     I - amulet of the gourmand
Stlth  +.........               H - ring of protection from magic
                                e - +1 ring of evasion

@: confused, somewhat resistant to hostile enchantments, very unstealthy
A: claws 2, rugged brown scales 2, clarity, cold resistance 1, demonic guardian
1, poison resistance, spiny 2
a: Curse Item, Scrying, Renounce Religion


You were on level 6 of the Lair of Beasts.
You worshipped Ashenzari.
Ashenzari was pleased with you.
You were hungry.

You visited 3 branches of the dungeon, and saw 16 of its levels.
You also visited: Ossuary.

You collected 548 gold pieces.
You spent 84 gold pieces at shops.

Inventory:

Hand Weapons
 i - a +1 trident
 D - the cursed +4 glaive of Benevolence (weapon) {freeze, Int+4}
   (You acquired it on level 6 of the Dungeon)

   It has been specially enchanted to freeze those struck by it, causing extra
   injury to most foes and up to half again as much damage against particularly
   susceptible opponents.
   It can also slow down cold-blooded creatures.
   It affects your intelligence (+4).
   It has a curse placed upon it.
Missiles
 g - a throwing net (quivered)
 E - 4 javelins
Armour
 a - a +3 ring mail
 b - a +0 leather armour (worn)
 f - a +1 hat (worn)
 h - a +0 fire dragon armour
 r - a +0 cloak (worn)
Jewellery
 e - a +1 ring of evasion (left claw)
 H - a ring of protection from magic (right claw)
 I - an amulet of the gourmand (around neck)
 R - an uncursed ring of resist corrosion
Wands
 o - a wand of slowing (22/48)
 t - a wand of hasting (2/9)
 G - a wand of iceblast (0/15)
 M - a wand of disintegration (11/24)
 O - a wand of enslavement (12/24)
 T - a wand of lightning (3/15)
Scrolls
 m - 6 scrolls of enchant weapon
 y - 2 scrolls of fog
 B - 2 scrolls of recharging
 J - a scroll of amnesia
 K - 2 scrolls of fear
 L - 2 scrolls of magic mapping {unknown}
 P - a scroll of immolation
 Q - a scroll of vulnerability {unknown}
 U - a scroll of blinking {unknown}
 V - 2 scrolls of remove curse
 W - 3 scrolls of identify
 Z - a scroll of summoning {unknown}
Potions
 k - a potion of lignification
 p - 5 potions of curing
 s - 2 potions of invisibility
 v - 2 potions of haste
 w - 3 potions of heal wounds
 x - a potion of cancellation
 z - 2 potions of cure mutation
 A - a potion of flight
 F - a potion of brilliance
 S - a potion of resistance
 Y - a potion of magic
Books
 c - a book of Battle

   Spells                             Type                      Level
   a - Infusion                       Charms                       1
   b - Shroud of Golubria             Charms/Translocation         2
   c - Song of Slaying                Charms                       2
   d - Spectral Weapon                Hexes/Charms                 3
   e - Regeneration                   Charms/Necromancy            3
 C - a book of Clouds

   Spells                             Type                      Level
   a - Mephitic Cloud                 Conjuration/Poison/Air       3
   b - Conjure Flame                  Conjuration/Fire             3
   c - Poisonous Cloud                Conjuration/Poison/Air       6
   d - Freezing Cloud                 Conjuration/Ice/Air          6
   e - Ring of Flames                 Charms/Fire                  7
Miscellaneous
 X - a fan of gales
Comestibles
 d - 8 bread rations
 j - a royal jelly
 l - 3 meat rations
 n - 8 slices of pizza
 q - 4 fruits
 u - 6 beef jerkies


   Skills:
 + Level 8.9 Fighting
 * Level 11.6(14.3) Polearms
 - Level 1.0 Armour
 + Level 6.7 Dodging
 - Level 2.1 Spellcasting
 - Level 4.0 Hexes
 + Level 5.3 Charms
 - Level 3.4 Necromancy


You had 7 spell levels left.
You knew the following spells:

 Your Spells              Type           Power        Failure   Level  Hunger
a - Infusion              Chrm           ###.         2%          1    #......
b - Spectral Weapon       Hex/Chrm       ###.....     12%         3    ###....
r - Regeneration          Chrm/Necr      ###.......   14%         3    ###....


Dungeon Overview and Level Annotations

Branches:
Dungeon (9/15)             Temple (1/1) D:4            Lair (6/8) D:9
  Swamp: Lair:3-6    Shoals: Lair:3-6     Snake: Lair:3-6    Spider: Lair:3-6
  Slime: Lair:6-8       Orc: D:9-12

Altars:
Ashenzari
Cheibriados
Dithmenos
Elyvilon
Fedhas
Gozag
Nemelex Xobeh
Okawaru
Pakellas
Qazlal
Ru
Sif Muna
Trog
Vehumet
Xom
Yredelemnul
Zin
The Shining One

Shops:
D:5 !   D:9 %

Portals:
Ice
Cave: Lair:6

Annotations:
D:4 Edmund
Lair:3 Urug


Innate Abilities, Weirdness & Mutations

You have very sharp fingernails.
You are mostly covered in rugged brown scales (AC +2, +5% HP).
A weak demonic guardian rushes to your aid.
You are mostly covered in sharp spines.
You possess an exceptional clarity of mind.
Your flesh is cold resistant.
Your system is resistant to poisons.


Message History

Your skin stops crawling.
The ice dragon bites you. The ice dragon closely misses you. x2
The ice dragon bites you! The ice dragon completely misses you.
The ice dragon misses you.
There is a stone staircase leading up, spattered with blood here.
You slash the ice dragon!
The ice dragon is moderately wounded.
The ice dragon bites you.
* * * LOW HITPOINT WARNING * * *
The ice dragon claws you.
* * * LOW HITPOINT WARNING * * *
The ice dragon tramples you.
* * * LOW HITPOINT WARNING * * *
You stumble backwards!
Found a bread ration.
You hit the ice dragon but do no damage.
The ice dragon is moderately wounded.
The ice dragon breathes frost at you. The blast of cold hits you! You resist.
You die...

* , .. *#..####.P. *,
,,...#. *#. ##.........
, ..... #.###..........
, ...... *
##†##.......... ,,......
##†####.#...P.#.
......###.## ###...##..
* ...........# #....# *
........D..# ####....#
#......@..####..#P†..###
,
....................>...
,
........................
%#....#P....####...#....
##.####.##.# ######### *
## ######


You could see an ice dragon.

Vanquished Creatures
  A hydra (Lair:3)
  Pikel (D:4)
  2 black mambas
  4 spiny frogs
  2 komodo dragons
  A rime drake (Lair:2)
  A two-headed ogre (D:8)
  3 polar bears (Lair:6)
  Sigmund (D:5)
  A wraith (Ossuary)
  A wyvern (D:8)
  11 yaks
  A human (D:7)
  2 basilisks
  A hungry ghost (D:7)
  3 hippogriffs
  3 wargs (D:9)
  Menkaure (D:4)
  6 water moccasins
  Duvessa (D:4)
  2 porcupines
  An orc warrior (D:6)
  2 sky beasts (D:7)
  2 ice beasts
  A black bear (D:6)
  4 slaves (D:4)
  2 ogres
  4 wolves
  2 centaurs
  2 crocodiles (Lair:2)
  6 giant frogs
  2 scorpions
  8 howler monkeys
  2 crimson imps (D:6)
  A giant frog zombie (D:7)
  A hound (D:8)
  2 jellies (D:7)
  A gnoll shaman (D:8)
  3 orc priests
  Crazy Yiuf (D:5)
  A giant frog skeleton (D:7)
  2 iguanas
  5 orc wizards
  3 worker ants
  4 sheep (D:7)
  3 hound skeletons
  A mummy (Ossuary)
  9 adders
  A shadow imp (D:5)
  An ooze (D:5)
  2 adder skeletons (D:5)
  A worm (D:3)
  8 giant geckos
  19 orcs
  7 bats
  4 giant cockroaches
  5 hobgoblins
  11 jackals
  6 kobolds
  A giant gecko skeleton (D:8)
  2 giant gecko zombies
  2 giant newts
  6 gnoll skeletons (Ossuary)
  3 goblins
  2 kobold skeletons (Ossuary)
  5 orc skeletons (Ossuary)
  2 quokka skeletons
  2 rats
214 creatures vanquished.

Vanquished Creatures (collateral kills)
  A wolf (Lair:4)
  An ogre (D:6)
  Dowan (D:4)
  3 orcs
6 creatures vanquished.

Vanquished Creatures (others)
  An orc wizard (D:4)
  A fungus (Lair:3)
  5 spectral weapons
7 creatures vanquished.

Grand Total: 227 creatures vanquished

Notes
Turn   | Place    | Note
--------------------------------------------------------------
     0 | D:1      | jacquesderrida the Demonspawn Skald began the quest for the Orb.
     0 | D:1      | Reached XP level 1. HP: 16/16 MP: 3/3
   427 | D:1      | Reached skill level 1 in Armour
   450 | D:1      | Gained mutation: You are partially covered in rugged brown scales (AC +1, +3% HP). [demonic ancestry]
   450 | D:1      | Reached XP level 2. HP: 11/22 MP: 5/5
   618 | D:2      | Reached skill level 2 in Polearms
   689 | D:3      | Found a blossoming altar of Fedhas.
   737 | D:4      | Found a snail-covered altar of Cheibriados.
   739 | D:4      | Found an oddly glowing altar of Pakellas.
   745 | D:4      | Reached XP level 3. HP: 19/27 MP: 6/6
   746 | D:4      | Found a white marble altar of Elyvilon.
   781 | D:4      | Noticed Menkaure
   791 | D:4      | Killed Menkaure
   791 | D:4      | Reached skill level 4 in Polearms
   791 | D:4      | Reached XP level 4. HP: 13/33 MP: 0/7
   791 | D:4      | Gained mutation: You are mostly covered in rugged brown scales (AC +2, +5% HP). [demonic ancestry]
   791 | D:4      | Reached XP level 5. HP: 13/39 MP: 0/8
   832 | D:4      | Found an iron altar of Okawaru.
   925 | D:4      | Gained mutation: Your system is resistant to poisons. [potion of mutation]
   925 | D:4      | Gained mutation: Your flesh is cold resistant. [potion of mutation]
   925 | D:4      | Gained mutation: You possess an exceptional clarity of mind. [potion of mutation]
   925 | D:4      | Reached skill level 5 in Polearms
   965 | D:4      | Learned a level 3 spell: Regeneration
   988 | D:4      | Noticed a slave
  1024 | D:4      | Noticed Edmund
  1133 | D:3      | Gained mutation: You have sharp fingernails. [demonic ancestry]
  1133 | D:3      | Reached XP level 6. HP: 24/46 MP: 7/9
  1239 | D:3      | Found a stormy altar of Qazlal.
  1323 | D:5      | Entered Level 5 of the Dungeon
  1448 | D:5      | Noticed Sigmund
  1463 | D:5      | Killed Sigmund
  1538 | D:5      | Found Daiqaul's Distillery.
  1552 | D:5      | Bought a potion of curing for 36 gold pieces
  1552 | D:5      | Bought a potion of lignification for 36 gold pieces
  1552 | D:5      | Bought a potion of degeneration for 12 gold pieces
  1585 | D:5      | Found an opulent altar of Gozag.
  1635 | D:5      | Reached skill level 6 in Polearms
  1671 | D:5      | Reached XP level 7. HP: 45/52 MP: 1/10
  1678 | D:5      | Learned a level 3 spell: Spectral Weapon
  1747 | D:5      | Noticed Crazy Yiuf
  1754 | D:5      | Killed Crazy Yiuf
  1847 | D:6      | Reached skill level 1 in Hexes
  1920 | D:7      | Noticed a hippogriff
  2003 | D:8      | Noticed a two-headed ogre
  2013 | D:8      | Killed a two-headed ogre
  2013 | D:8      | Reached skill level 7 in Polearms
  2013 | D:8      | Gained mutation: A weak demonic guardian rushes to your aid. [demonic ancestry]
  2013 | D:8      | Reached XP level 8. HP: 13/63 MP: 2/11
  2169 | D:8      | Found a sand-covered staircase.
  2178 | Ossuary  | Entered an ossuary
  2484 | D:7      | Reached skill level 1 in Dodging
  2518 | D:7      | Reached skill level 5 in Fighting
  2649 | D:6      | Identified a scroll of acquirement
  2652 | D:6      | Got a faintly glowing glaive
  2653 | D:6      | Identified the +4 glaive of Benevolence {freeze, Int+4} (You acquired it on level 6 of the Dungeon)
  2803 | D:6      | Gained mutation: You are partially covered in sharp spines. [demonic ancestry]
  2803 | D:6      | Reached XP level 9. HP: 71/71 MP: 12/12
  2893 | D:6      | Found a radiant altar of Vehumet.
  2929 | D:6      | Found an opulent altar of Gozag.
  2929 | D:6      | Found a sparkling altar of Nemelex Xobeh.
  3364 | D:7      | Reached skill level 8 in Polearms
  3459 | D:7      | PIDARY DAYTE HRAM!!!
  3836 | D:4      | Noticed Duvessa
  3839 | D:4      | Noticed Dowan
  3841 | D:4      | Killed Duvessa
  3848 | D:4      | Killed Dowan
  3897 | D:4      | Found a staircase to the Ecumenical Temple.
  3904 | D:4      | MRAZI
  3906 | Temple   | Entered the Ecumenical Temple
  3982 | Temple   | SOOOOOOOOOOOOOOOKA
  4076 | D:4      | Noticed Pikel
  4081 | D:4      | Killed Pikel
  4081 | D:4      | Reached skill level 9 in Polearms
  4082 | D:4      | PASLI NAHOOOOOOOI
  4236 | D:9      | Found a staircase to the Lair.
  4246 | D:9      | Gained mutation: You have very sharp fingernails. [demonic ancestry]
  4246 | D:9      | Reached XP level 10. HP: 51/80 MP: 7/13
  4726 | D:9      | Found Wogeghec's Food Emporium.
  5316 | D:2      | Found a shattered altar of Ashenzari.
  5324 | D:2      | Became a worshipper of Ashenzari the Shackled
  5499 | Lair:1   | Entered Level 1 of the Lair of Beasts
  5507 | Lair:1   | Identified the +6 falchion "Cogirush" {antimagic, rPois}
  5692 | Lair:1   | Reached skill level 10 in Polearms
  5693 | Lair:1   | Reached skill level 5 in Dodging
  5751 | Lair:1   | Noticed a spiny frog
  5756 | Lair:1   | Noticed a spiny frog
  5758 | Lair:1   | Killed a spiny frog
  5762 | Lair:1   | Killed a spiny frog
  5878 | Lair:2   | Reached * piety under Ashenzari
  5911 | Lair:2   | Noticed a spiny frog
  5922 | Lair:2   | Killed a spiny frog
  5985 | Lair:3   | Noticed a four-headed hydra
  6023 | Lair:3   | Noticed a five-headed hydra
  6023 | Lair:3   | Killed a four-headed hydra
  6023 | Lair:3   | Reached skill level 11 in Polearms
  6023 | Lair:3   | Gained mutation: You are mostly covered in sharp spines. [demonic ancestry]
  6023 | Lair:3   | Reached XP level 11. HP: 29/90 MP: 7/14
  6028 | Lair:3   | Noticed Urug
  6329 | Lair:4   | Reached ** piety under Ashenzari
  6467 | Lair:5   | Reached skill level 5 in Charms
  6555 | Lair:5   | Noticed a six-headed hydra
  6651 | Lair:6   | Found a frozen archway.
  6667 | Lair:6   | Noticed an ice dragon
  6727 | Lair:6   | Killed from afar by an ice dragon

Skill      XL: |  1  2  3  4  5  6  7  8  9 10 11 |
---------------+----------------------------------+-----
Armour         | 1 |  1.0
Charms         | 3 4 5 |  5.3
Polearms       | 2 4 5 6 7 9 11 | 11.6
Necromancy     | 3 |  3.4
Hexes          | 3 4 |  4.0
Fighting       | 4 5 6 8 |  8.9
Dodging        | 2 4 6 |  6.7
Spellcasting   | |  2.1

Action                   |  1- 3 |  4- 6 |  7- 9 | 10-12 || total
-------------------------+-------+-------+-------+-------++-------
Melee: Spear             |    69 |    27 |       |       ||    96
       Trident           |       |    90 |   153 |       ||   243
       Glaive            |       |       |    98 |   163 ||   261
Throw: Throwing net      |       |       |     1 |     1 ||     2
 Cast: Infusion          |     2 |     5 |       |       ||     7
       Spectral Weapon   |       |       |    28 |    24 ||    52
       Regeneration      |       |       |     9 |    14 ||    23
Invok: Curse Item        |       |       |       |     1 ||     1
Evoke: Wand              |       |     1 |       |     4 ||     5
  Use: Potion            |     1 |     3 |     2 |     2 ||     8
       Scroll            |       |     6 |    11 |     8 ||    25
 Stab: Sleeping          |     1 |       |       |       ||     1
       Invisible         |       |       |     6 |       ||     6
       Distracted        |       |       |     2 |       ||     2
       Held in net/web   |       |       |       |     1 ||     1
  Eat: Chunk             |       |     3 |    24 |     8 ||    35
Armor: Leather armour    |    10 |    34 |    57 |    32 ||   133
Dodge: Dodged            |    39 |    53 |   134 |   112 ||   338
